BR (22 & UNDER)
YELLOWKNIFE CLAWS @ INDIAN HILLS VOODOO
09/14/2030
 
TOP OF THE 1ST
Yellowknife Claws batting - Pitching for Indian Hills Voodoo : RHP Miguel López
Pitching: RHP Miguel López
Batting: RHB Mike Morrow 0-0: DOUBLE (Line Drive, 7LM)
Batting: RHB Preston Church 0-0: Ball
1-0: Ball
2-0: Ball
Wild Pitch!
Mike Morrow to third
3-0: Called Strike
3-1: Base on Balls
Batting: LHB Ramón Reynoso 0-0: Called Strike
0-1: Called Strike
0-2: Ball
1-2: Ball
2-2: Ball
3-2: Base on Balls
Preston Church to second
Batting: RHB Ernesto Sánchez 0-0: Called Strike
0-1: Foul Ball, location: 2F
0-2: Ball
1-2: Ball
Wild Pitch!
Mike Morrow scores
Preston Church to third
Ramón Reynoso to second
2-2: Ground out 4-3 (Groundball, 4MS)
Preston Church scores
Ramón Reynoso to third
Batting: RHB Tomás Díaz 0-0: Called Strike
0-1: Ball
1-1: Foul Ball, location: 2F
1-2: Ground out 3-1 (Groundball, 34S)
Ramón Reynoso scores
Batting: LHB Richard Shelton 0-0: Swinging Strike
0-1: Swinging Strike
0-2: Foul Ball, location: 2F
0-2: Foul Ball, location: 2F
0-2: Strikes out swinging
Top of the 1st over - 3 runs, 1 hit, 0 errors, 0 left on base; Yellowknife 3 - Indian Hills 0
BOTTOM OF THE 1ST
Indian Hills Voodoo batting - Pitching for Yellowknife Claws : LHP Alfredo Ruíz
Pitching: LHP Alfredo Ruíz
Batting: RHB Ramón López 0-0: Ball
1-0: Foul Ball, location: 2F
1-1: Swinging Strike
1-2: Strikes out swinging
Batting: RHB Juan Romero 0-0: Called Strike
0-1: Swinging Strike
0-2: Fly out, F9 (Flyball, 9S)
Batting: RHB Manuel Romero 0-0: Called Strike
0-1: Ball
1-1: Ground out 4-3 (Groundball, 4)
Bottom of the 1st over - 0 runs, 0 hits, 0 errors, 0 left on base; Yellowknife 3 - Indian Hills 0
TOP OF THE 2ND
Yellowknife Claws batting - Pitching for Indian Hills Voodoo : RHP Miguel López
Batting: RHB Enrico Mercado 0-0: Ball
1-0: Ball
2-0: Ball
3-0: Base on Balls
Batting: RHB David Rodríguez 0-0: Grounds into double play, 5-4-3 (Groundball, 56)
Batting: RHB Jesús Nieves 0-0: Swinging Strike
0-1: Swinging Strike
0-2: Strikes out looking
Top of the 2nd over - 0 runs, 0 hits, 0 errors, 0 left on base; Yellowknife 3 - Indian Hills 0
BOTTOM OF THE 2ND
Indian Hills Voodoo batting - Pitching for Yellowknife Claws : LHP Alfredo Ruíz
Batting: RHB Enrique García 0-0: Swinging Strike
0-1: Foul Ball, location: 2F
0-2: Ball
1-2: Strikes out swinging
Batting: RHB Thad Hunter 0-0: Called Strike
0-1: Swinging Strike
0-2: Foul Ball, location: 2F
0-2: Ball
1-2: Ball
2-2: Foul Ball, location: 2F
2-2: SINGLE (Groundball, 34D)
Batting: RHB Nelson Zavala 0-0: Ball
1-0: Ball
2-0: Ground out 5-3 (Groundball, 56S)
Thad Hunter to second
Batting: RHB Joaquín Medina 0-0: Foul Ball, location: 2F
0-1: Foul Ball, location: 2F
0-2: Ground out 1-3 (Groundball, 15S)
Bottom of the 2nd over - 0 runs, 1 hit, 0 errors, 1 left on base; Yellowknife 3 - Indian Hills 0
TOP OF THE 3RD
Yellowknife Claws batting - Pitching for Indian Hills Voodoo : RHP Miguel López
Batting: RHB Mike Morrow 0-0: Foul Ball, location: 2F
0-1: Fly out, F8 (Flyball, 78XD)
Batting: RHB Preston Church 0-0: Ground out 6-3 (Groundball, 6)
Batting: LHB Ramón Reynoso 0-0: Ball
1-0: Ball
2-0: Swinging Strike
2-1: Ball
3-1: Foul Ball, location: 2F
3-2: Foul Ball, location: 2F
3-2: Foul Ball, location: 2F
3-2: Strikes out looking
Top of the 3rd over - 0 runs, 0 hits, 0 errors, 0 left on base; Yellowknife 3 - Indian Hills 0
BOTTOM OF THE 3RD
Indian Hills Voodoo batting - Pitching for Yellowknife Claws : LHP Alfredo Ruíz
Batting: RHB Tim Wise 0-0: Called Strike
0-1: Fly out, F9 (Flyball, 9S)
Batting: LHB Steve Jones 0-0: Ball
1-0: Ball
2-0: Ball
3-0: Base on Balls
Batting: RHB Ramón López 0-0: Ball
Wild Pitch!
Steve Jones to second
1-0: DOUBLE (Line Drive, 89D)
Steve Jones scores
Batting: RHB Juan Romero 0-0: Called Strike
0-1: Ball
1-1: Fly out, F8 (Flyball, 78D)
Batting: RHB Manuel Romero 0-0: Ball
1-0: Called Strike
1-1: Foul Ball, location: 2F
1-2: Ground out 6-3 (Groundball, 6S)
Bottom of the 3rd over - 1 run, 1 hit, 0 errors, 1 left on base; Yellowknife 3 - Indian Hills 1
TOP OF THE 4TH
Yellowknife Claws batting - Pitching for Indian Hills Voodoo : RHP Miguel López
Batting: RHB Ernesto Sánchez 0-0: Ball
1-0: Swinging Strike
1-1: Swinging Strike
1-2: Foul Ball, location: 2F
1-2: Foul Ball, location: 2F
1-2: Strikes out looking
Batting: RHB Tomás Díaz 0-0: Ball
1-0: Ground out 4-3 (Groundball, 4)
Batting: LHB Richard Shelton 0-0: Called Strike
0-1: Ball
1-1: Ball
2-1: Swinging Strike
2-2: Hit by Pitch
Batting: RHB Enrico Mercado 0-0: Called Strike
0-1: Ball
1-1: Ball
2-1: Ball
3-1: Base on Balls
Richard Shelton to second
Batting: RHB David Rodríguez 0-0: Called Strike
0-1: Foul Ball, location: 2F
0-2: Ball
1-2: DOUBLE (Flyball, 78XD)
Richard Shelton scores
Enrico Mercado to third
Runner from 3rd tries for Home, SAFE, no throw
Batting: RHB Jesús Nieves 0-0: Ball
1-0: Called Strike
1-1: SINGLE (Line Drive, 56)
David Rodríguez to third
Batting: RHB Mike Morrow 0-0: Ball
1-0: Ball
2-0: Foul Ball, location: 2F
2-1: Swinging Strike
2-2: Ball
3-2: Fly out, F8 (Line Drive, 8RD)
Top of the 4th over - 2 runs, 2 hits, 0 errors, 2 left on base; Yellowknife 5 - Indian Hills 1
BOTTOM OF THE 4TH
Indian Hills Voodoo batting - Pitching for Yellowknife Claws : LHP Alfredo Ruíz
Batting: RHB Enrique García 0-0: Ball
1-0: Ball
2-0: SINGLE (Line Drive, 89M)
Batting: RHB Thad Hunter 0-0: Called Strike
0-1: Ball
1-1: Ball
2-1: Called Strike
2-2: Ball
3-2: Fly out, F9 (Flyball, 89M)
Batting: RHB Nelson Zavala 0-0: Fly out, F5 (Line Drive, 5S)
Batting: RHB Joaquín Medina 0-0: Foul Ball, location: 2F
0-1: Ball
1-1: Ball
2-1: Swinging Strike
2-2: Foul Ball, location: 2F
2-2: Foul Ball, location: 2F
2-2: Strikes out looking
Bottom of the 4th over - 0 runs, 1 hit, 0 errors, 1 left on base; Yellowknife 5 - Indian Hills 1
TOP OF THE 5TH
Yellowknife Claws batting - Pitching for Indian Hills Voodoo : RHP Miguel López
Batting: RHB Preston Church 0-0: Called Strike
0-1: Foul Ball, location: 2F
0-2: Fly out, F9 (Flyball, 89S)
Batting: LHB Ramón Reynoso 0-0: Foul Ball, location: 2F
0-1: Ball
1-1: Foul Ball, location: 2F
1-2: Ball
2-2: Foul Ball, location: 2F
2-2: Ground out U3 (Groundball, 3)
Batting: RHB Ernesto Sánchez 0-0: Foul Ball, location: 2F
0-1: Fly out, F8 (Flyball, 8RS)
Top of the 5th over - 0 runs, 0 hits, 0 errors, 0 left on base; Yellowknife 5 - Indian Hills 1
BOTTOM OF THE 5TH
Indian Hills Voodoo batting - Pitching for Yellowknife Claws : LHP Alfredo Ruíz
Batting: RHB Tim Wise 0-0: Ground out 1-3 (Groundball, 13)
Batting: LHB Steve Jones 0-0: Called Strike
0-1: Swinging Strike
0-2: Strikes out swinging
Batting: RHB Ramón López 0-0: DOUBLE (Line Drive, 7LM)
Batting: RHB Juan Romero 0-0: Ball
1-0: Ball
2-0: Called Strike
2-1: Ball
3-1: Foul Ball, location: 2F
3-2: Foul Ball, location: 2F
3-2: Foul Ball, location: 2F
3-2: Fly out, F8 (Flyball, 8LM)
Bottom of the 5th over - 0 runs, 1 hit, 0 errors, 1 left on base; Yellowknife 5 - Indian Hills 1
TOP OF THE 6TH
Yellowknife Claws batting - Pitching for Indian Hills Voodoo : RHP Miguel López
Pitching: RHP Lou Jaramillo
Batting: RHB Tomás Díaz 0-0: Ground out 4-3 (Groundball, 4)
Batting: LHB Richard Shelton 0-0: Fly out, F9 (Line Drive, 9D)
Batting: RHB Enrico Mercado 0-0: Ball
1-0: Fly out, F7 (Flyball, 7D)
Top of the 6th over - 0 runs, 0 hits, 0 errors, 0 left on base; Yellowknife 5 - Indian Hills 1
BOTTOM OF THE 6TH
Indian Hills Voodoo batting - Pitching for Yellowknife Claws : LHP Alfredo Ruíz
Batting: RHB Manuel Romero 0-0: Called Strike
0-1: Swinging Strike
0-2: Ball
1-2: Ball
2-2: Ball
3-2: Ground out 5-3 (Groundball, 56)
Batting: RHB Enrique García 0-0: Ball
1-0: Ball
2-0: SINGLE (Line Drive, 7LS)
Pitching: RHP Gian-Carlo Ballan
Batting: RHB Thad Hunter 0-0: Swinging Strike
0-1: Ball
1-1: Reached on error, E5 (Groundball, 5S)
Enrique García to third
Batting: RHB Nelson Zavala 0-0: Ball
1-0: Swinging Strike
1-1: Ground out 6-3 (Groundball, 6)
Enrique García scores
Thad Hunter to third
Batting: RHB Joaquín Medina 0-0: Swinging Strike
0-1: SINGLE (Line Drive, 56)
Thad Hunter scores
Batting: RHB Tim Wise 0-0: Ball
1-0: Fly out, F6 (Line Drive, 6)
Bottom of the 6th over - 2 runs, 2 hits, 1 error, 1 left on base; Yellowknife 5 - Indian Hills 3
TOP OF THE 7TH
Yellowknife Claws batting - Pitching for Indian Hills Voodoo : RHP Lou Jaramillo
Batting: RHB David Rodríguez 0-0: Swinging Strike
0-1: Swinging Strike
0-2: Foul Ball, location: 2F
0-2: Ground out 6-3 (Groundball, 56)
Batting: RHB Jesús Nieves 0-0: Swinging Strike
0-1: Ball
1-1: Fly out, F7 (Line Drive, 78D)
Batting: RHB Mike Morrow 0-0: Called Strike
0-1: Ball
1-1: Ball
2-1: Swinging Strike
2-2: Foul Ball, location: 2F
2-2: Ground out 4-3 (Groundball, 4)
Top of the 7th over - 0 runs, 0 hits, 0 errors, 0 left on base; Yellowknife 5 - Indian Hills 3
BOTTOM OF THE 7TH
Indian Hills Voodoo batting - Pitching for Yellowknife Claws : RHP Gian-Carlo Ballan
Batting: LHB Steve Jones 0-0: Ball
1-0: Called Strike
1-1: Foul Ball, location: 2F
1-2: Foul Ball, location: 2F
1-2: Foul Ball, location: 2F
1-2: Strikes out swinging
Batting: RHB Ramón López 0-0: Called Strike
0-1: Ground out 6-3 (Groundball, 6)
Batting: RHB Juan Romero 0-0: Ball
1-0: DOUBLE (Line Drive, 9LM)
Batting: RHB Manuel Romero 0-0: Called Strike
0-1: Ground out 3-1 (Groundball, 34S)
Bottom of the 7th over - 0 runs, 1 hit, 0 errors, 1 left on base; Yellowknife 5 - Indian Hills 3
TOP OF THE 8TH
Yellowknife Claws batting - Pitching for Indian Hills Voodoo : RHP Lou Jaramillo
Batting: RHB Preston Church 0-0: Ball
1-0: Fly out, F9 (Flyball, 9D)
Batting: LHB Ramón Reynoso 0-0: Swinging Strike
0-1: Ball
1-1: Ball
2-1: Fly out, F7 (Line Drive, 7S)
Batting: RHB Ernesto Sánchez 0-0: Ball
1-0: Fly out, F6 (Line Drive, 6)
Top of the 8th over - 0 runs, 0 hits, 0 errors, 0 left on base; Yellowknife 5 - Indian Hills 3
BOTTOM OF THE 8TH
Indian Hills Voodoo batting - Pitching for Yellowknife Claws : RHP Gian-Carlo Ballan
Batting: RHB Enrique García 0-0: Fly out, F3 (Popup, 3L)
Batting: RHB Thad Hunter 0-0: SINGLE (Groundball, 6MD)
Batting: RHB Nelson Zavala 0-0: DOUBLE (Line Drive, 9D)
Thad Hunter to third
Batting: RHB Joaquín Medina 0-0: Ground out 6-3 (Groundball, 6)
Pinch Hitting: RHB Julián Maez 0-0: Ball
1-0: Ground out 6-3 (Groundball, 6)
Bottom of the 8th over - 0 runs, 2 hits, 0 errors, 2 left on base; Yellowknife 5 - Indian Hills 3
TOP OF THE 9TH
Yellowknife Claws batting - Pitching for Indian Hills Voodoo : RHP Lou Jaramillo
Pitching: LHP Juan Carlos García
Now at 3B: Dan Hart
Batting: RHB Tomás Díaz 0-0: Ball
1-0: Ball
2-0: Foul Ball, location: 2F
2-1: Foul Ball, location: 2F
2-2: Foul Ball, location: 2F
2-2: Fly out, F5 (Line Drive, 56)
Batting: LHB Richard Shelton 0-0: Called Strike
0-1: Called Strike
0-2: Ball
1-2: Foul Ball, location: 2F
1-2: Strikes out looking
Batting: RHB Enrico Mercado 0-0: Ball
1-0: Ball
2-0: Ball
3-0: Called Strike
3-1: Called Strike
3-2: Foul Ball, location: 2F
3-2: Foul Ball, location: 2F
3-2: SINGLE (Line Drive, 4M)
Batting: RHB David Rodríguez 0-0: Fly out, F8 (Line Drive, 8LD)
Top of the 9th over - 0 runs, 1 hit, 0 errors, 1 left on base; Yellowknife 5 - Indian Hills 3
BOTTOM OF THE 9TH
Indian Hills Voodoo batting - Pitching for Yellowknife Claws : RHP Gian-Carlo Ballan
Batting: LHB Steve Jones 0-0: Called Strike
0-1: Fly out, F9 (Flyball, 9LMF)
Batting: RHB Ramón López 0-0: Called Strike
0-1: Swinging Strike
0-2: Ball
1-2: Ground out 4-3 (Groundball, 4S)
Batting: RHB Juan Romero 0-0: Ball
1-0: Called Strike
1-1: Ball
2-1: Ball
3-1: Foul Ball, location: 2F
3-2: Foul Ball, location: 2F
3-2: Fly out, F8 (Flyball, 8LD)
Bottom of the 9th over - 0 runs, 0 hits, 0 errors, 0 left on base; Yellowknife 5 - Indian Hills 3
Saturday, April 7th, 2018 - OOTP Baseball 18.8 Build 76